 Dungeon Crawl Stone Soup version 0.29-a0-841-g116ddc6ace (webtiles) character file.

Game seed: 18294795903218026957

8 mathmaestro the Grave Robber (level 2, 16/20 HPs)
             Began as a Demonspawn Necromancer on July 14, 2022.
             Quit the game on level 1 of the Dungeon.
             The game lasted 00:01:44 (138 turns).

mathmaestro the Grave Robber (DsNe)                  Turns: 138, Time: 00:01:44

Health: 16/20      AC:  5    Str:  8    XL:     2   Next: 0%
Magic:  0/5        EV: 12    Int: 16    God:
Gold:   0          SH:  0    Dex: 13    Spells: 4/5 levels left

rFire   . . .      SeeInvis .   e - +0 club
rCold   . . .      Faith    .   (no shield)
rNeg    . . .      Spirit   .   a - +0 robe
rPois   .          Reflect  .   (no helmet)
rElec   .          Harm     .   c - scarf {repulsion}
rCorr   .          Rampage  .   d - +2 pair of gloves
Will    .....                   (no boots)
Stlth   ++........              (no amulet)
HPRegen 0.06/turn               (no ring)
MPRegen 0.09/turn               (no ring)

@: repel missiles
A: spiny 1
a: no special abilities


You were on level 1 of the Dungeon.
You visited 1 branch of the dungeon, and saw 1 of its levels.

Inventory:

Hand Weapons
 e - a +0 club (weapon)
Armour
 a - a +0 robe (worn)
 c - a scarf of repulsion (worn)
 d - a +2 pair of gloves (worn)
Potions
 b - a potion of magic


   Skills:
 + Level 0.4 Fighting
 + Level 0.2 Armour
 + Level 1.9 Dodging
 + Level 1.9 Stealth
 + Level 2.0 Spellcasting
 + Level 4.4 Necromancy


You had 4 spell levels left.
You knew the following spells:

 Your Spells              Type           Power      Damage    Failure   Level
a - Necrotise             Necr           64%        1d7       3%          1

Your spell library contained the following spells:

 Spells                   Type           Power      Damage    Failure   Level
 Vampiric Draining        Necr           16%        2d7       10%         3
 Animate Dead             Necr           16%        N/A       32%         4
 Agony                    Necr           16%        N/A       65%         5


Dungeon Overview and Level Annotations

Branches:
Dungeon (1/15)

Altars:


Innate Abilities, Weirdness & Mutations

You are partially covered in sharp spines.


Message History

Aim: a hobgoblin (chance to affect: 85%)
The hobgoblin writhes in agony.
Your bat skeleton hits the goblin.
Your bat skeleton barely misses the goblin.
Your bat skeleton hits the goblin.
The hobgoblin barely misses you.
Casting: Necrotise (safe; 3% risk of failure)
Confirm with . or Enter, or press ? or * to list all spells.
You don't have enough magic to cast this spell.
Unknown command.
Your bat skeleton hits the goblin. x2
The goblin dies!
The hobgoblin attacks as you move away! The hobgoblin closely misses you.
Your bat skeleton hits the hobgoblin.
Your bat skeleton completely misses the hobgoblin.
The hobgoblin attacks as you move away! The hobgoblin barely misses you.
Your bat skeleton hits the hobgoblin but does no damage.
Your bat skeleton closely misses the hobgoblin.
The hobgoblin closely misses your bat skeleton.
Your bat skeleton hits the hobgoblin but does no damage. x2
Your bat skeleton closely misses the hobgoblin.
The hobgoblin closely misses your bat skeleton.
Really attack while wielding nothing? [Y]es or [N]o only, please.
Really attack while wielding nothing? [Y]es or [N]o only, please.
Really attack while wielding nothing? [Y]es or [N]o only, please.
Really attack while wielding nothing?
Okay, then.
A hobgoblin is nearby!
Unknown command.
e - a +0 club (weapon)
Your bat skeleton hits the hobgoblin.
You hit the hobgoblin but do no damage.
The hobgoblin is almost dead.
Your bat skeleton hits the hobgoblin.
The hobgoblin dies!
You have reached level 2!
Your demonic ancestry asserts itself...
Sharp spines emerge from parts of your body.
Are you sure you want to abandon this character and quit the game? (Confirm with "yes".)

#.# #.. ....... ≈♣ #.# #.#
........ .♣ #.# #.#
......... . #.#
##.###gK#....... ♣ #.#
##..#...# ....... ♣ #.#
##.....# .......
######.###....######.).....
..............>.@Z........$
....##.##..#########.......
....##..#.## .......
######..#.# ....... ♣
#....†..# ....... ♣
#.###..## ####### P♣#
...... .♣ .........#
≈♣#..........#


You could see a friendly bat skeleton.

Vanquished Creatures
  A goblin (D:1)
  A hobgoblin (D:1)
  A ball python (D:1)
  A bat (D:1)
4 creatures vanquished.

Vanquished Creatures (collateral kills)
  A giant cockroach (D:1)
  A goblin (D:1)
  A hobgoblin (D:1)
3 creatures vanquished.

Grand Total: 7 creatures vanquished

Notes
Turn   | Place    | Note
-------+----------+-------------------------------------------
     0 | D:1      | mathmaestro the Demonspawn Necromancer began the quest for
                  | the Orb.
     0 | D:1      | Reached XP level 1. HP: 13/13 MP: 3/3
   138 | D:1      | Gained mutation: You are partially covered in sharp spines.
                  | [demonic ancestry]
   138 | D:1      | Reached XP level 2. HP: 16/20 MP: 0/5
   138 | D:1      | Quit the game

Illustrated notes

Levels and vault maps discovered:
D:1:      psy_arrival_wood_between_worlds, layout_rooms,
          ebering_ecumenical_altar_abandoned

Action                   || total
-------------------------++-------
Melee: Club              ||     1
 Cast: Necrotise         ||     7
Dodge: Dodged            ||     6

Table legend: (Time is in decaauts)
 A = Elapsed time spent in this place.
 B = Non-inter-level travel time spent in this place.
 C = Inter-level travel time spent in this place.
 D = Time resting spent in this place.
 E = Time spent auto-exploring this place.
 F = Levels seen in this place.
 G = Mean time per level.
                   A        B        C        D        E       F      G
               +--------+--------+--------+--------+--------+-----+--------+
         Total |    137 |    137 |      0 |     11 |     69 |   1 |  137.0 |
       Dungeon |    137 |    137 |      0 |     11 |     69 |   1 |  137.0 |
               +--------+--------+--------+--------+--------+-----+--------+

Top non-repeatable levels by time:
     D:1: 137 daAuts
